| TOP OF THE 1ST |
|
Durham Bulls batting - Pitching for Toledo Mud Hens : RHP Ramiro Silva
|
|
Pitching: RHP Ramiro Silva
|
|
|
Batting: LHB Darryl Gonnella
|
0-0: Ball 1-0: Called Strike 1-1: Ball 2-1: Swinging Strike 2-2: Ball 3-2: Foul Ball, location: 2F 3-2: Base on Balls
|
|
Batting: RHB Alex Diaz
|
0-0: Ball Darryl Gonnella steals 2nd base (no throw) 1-0: Foul Ball, location: 2F 1-1: SINGLE (Groundball, 6D, EV 104.4 MPH) Darryl Gonnella to third Runner from 3rd tries for Home, throw by LF and OUT! 7-2
|
|
Batting: LHB Davion Lewis
|
0-0: Called Strike 0-1: Foul Ball, location: 2F 0-2: Ball 1-2: Grounds into double play, 4-6-3 (Groundball, 4D, EV 104.4 MPH)
|
| Top of the 1st over - 0 runs, 1 hit, 0 errors, 0 left on base; Durham 0 - Toledo 0 |
| BOTTOM OF THE 1ST |
|
Toledo Mud Hens batting - Pitching for Durham Bulls : RHP Ken Vandercook
|
|
Pitching: RHP Ken Vandercook
|
|
|
Batting: RHB Brandon O'Malley
|
0-0: Called Strike 0-1: SINGLE (Groundball, 6S, EV 65.0 MPH) (infield hit)
|
|
Batting: RHB John Evancho
|
0-0: Called Strike 0-1: Fly out, F9 (Line Drive, 9S, EV 108.1 MPH)
|
|
Batting: RHB Willis Morales
|
0-0: Ball 1-0: Foul Ball, location: 2F 1-1: SINGLE (Groundball, 23, EV 67.5 MPH) (infield hit) Brandon O'Malley to second
|
|
Batting: RHB Sergio Zamora
|
0-0: Called Strike 0-1: Called Strike 0-2: Strikes out swinging
|
|
Batting: RHB Adam MacConnell
|
0-0: Ground out U3 (Groundball, 3, EV 89.4 MPH)
|
| Bottom of the 1st over - 0 runs, 2 hits, 0 errors, 2 left on base; Durham 0 - Toledo 0 |
| TOP OF THE 2ND |
|
Durham Bulls batting - Pitching for Toledo Mud Hens : RHP Ramiro Silva
|
|
Batting: LHB Eric Toney
|
0-0: Ball 1-0: Ball 2-0: Called Strike 2-1: Fly out, F8 (Flyball, 8LD, EV 83.8 MPH)
|
|
Batting: RHB Jose Arriola
|
0-0: Ball 1-0: SINGLE (Groundball, 4MD, EV 101.2 MPH)
|
|
Batting: RHB Sesto Carpini
|
0-0: Ball Pickoff Throw by Catcher to First - Error! E2 Jose Arriola to second 1-0: Ground out 6-3 (Groundball, 6, EV 91.2 MPH) Jose Arriola to third
|
|
Batting: RHB Kevin Benfield
|
0-0: Foul Ball, location: 2F 0-1: Ball 1-1: Ball 2-1: SINGLE (Groundball, 34D, EV 94.4 MPH) Jose Arriola scores
|
|
Batting: LHB Helmut Steggall
|
0-0: Called Strike 0-1: Ball 1-1: Ball 2-1: Ball 3-1: Foul Ball, location: 2F 3-2: Base on Balls Kevin Benfield to second
|
|
Batting: RHB Roberto Aispuro
|
0-0: Ball 1-0: Foul Ball, location: 2F 1-1: Ball 2-1: Foul Ball, location: 2F 2-2: Ball 3-2: Base on Balls Kevin Benfield to third Helmut Steggall to second
|
|
Batting: LHB Darryl Gonnella
|
0-0: Foul Ball, location: 2F 0-1: Called Strike 0-2: Ball 1-2: Ball 2-2: Foul Ball, location: 2F 2-2: Ball 3-2: Base on Balls Kevin Benfield scores Helmut Steggall to third Roberto Aispuro to second
|
|
Batting: RHB Alex Diaz
|
0-0: Called Strike 0-1: Ball 1-1: Ball 2-1: Ball 3-1: Base on Balls Helmut Steggall scores Roberto Aispuro to third Darryl Gonnella to second
|
|
Batting: LHB Davion Lewis
|
0-0: Swinging Strike 0-1: Ball 1-1: SINGLE (Groundball, 6MS, EV 66.9 MPH) (infield hit) Roberto Aispuro scores Darryl Gonnella to third Alex Diaz to second
|
|
Batting: LHB Eric Toney
|
0-0: Ball 1-0: Ball 2-0: Called Strike 2-1: Ball 3-1: Swinging Strike 3-2: Strikes out swinging
|
| Top of the 2nd over - 4 runs, 3 hits, 1 error, 3 left on base; Durham 4 - Toledo 0 |
| BOTTOM OF THE 2ND |
|
Toledo Mud Hens batting - Pitching for Durham Bulls : RHP Ken Vandercook
|
|
Batting: RHB Jerry Jauregui
|
0-0: Fly out, F6 (Line Drive, 6, EV 65.0 MPH)
|
|
Batting: SHB Richello Badua
|
0-0: Ball 1-0: Called Strike 1-1: Foul Ball, location: 2F 1-2: Ball 2-2: Strikes out swinging
|
|
Batting: RHB Dusty Pollert
|
0-0: Swinging Strike 0-1: Swinging Strike 0-2: Ball 1-2: Ball 2-2: Ball 3-2: Base on Balls
|
|
Batting: SHB Scott Bartholomew
|
0-0: Swinging Strike 0-1: Ball 1-1: Ball 2-1: Called Strike 2-2: Foul Ball, location: 2F 2-2: Strikes out swinging
|
| Bottom of the 2nd over - 0 runs, 0 hits, 0 errors, 1 left on base; Durham 4 - Toledo 0 |
| TOP OF THE 3RD |
|
Durham Bulls batting - Pitching for Toledo Mud Hens : RHP Ramiro Silva
|
|
Batting: RHB Jose Arriola
|
0-0: DOUBLE (Flyball, 89XD, EV 96.9 MPH)
|
|
Batting: RHB Sesto Carpini
|
0-0: Ground out 6-3 (Groundball, 6, EV 103.1 MPH)
|
|
Batting: RHB Kevin Benfield
|
0-0: Ball 1-0: Foul Ball, location: 2F 1-1: SINGLE (Groundball, 4M, EV 108.1 MPH) (infield hit) Jose Arriola to third
|
|
Batting: LHB Helmut Steggall
|
0-0: Ball 1-0: Swinging Strike 1-1: Foul Ball, location: 2F 1-2: Strikes out swinging
|
|
Batting: RHB Roberto Aispuro
|
0-0: Ball 1-0: Called Strike 1-1: Ball 2-1: Ball 3-1: Foul Ball, location: 2F 3-2: Foul Ball, location: 2F 3-2: Ground out 6-3 (Groundball, 6, EV 106.2 MPH)
|
| Top of the 3rd over - 0 runs, 2 hits, 0 errors, 2 left on base; Durham 4 - Toledo 0 |
| BOTTOM OF THE 3RD |
|
Toledo Mud Hens batting - Pitching for Durham Bulls : RHP Ken Vandercook
|
|
Batting: RHB Brandon O'Malley
|
0-0: Swinging Strike 0-1: Ball 1-1: Ball 2-1: SINGLE (Groundball, 5S, EV 70.6 MPH) (infield hit)
|
|
Batting: RHB John Evancho
|
0-0: Called Strike 0-1: Ball 1-1: Ball 2-1: Swinging Strike 2-2: Ball 3-2: Ground out 4-3 (Groundball, 13, EV 86.2 MPH) Brandon O'Malley to second
|
|
Batting: RHB Willis Morales
|
0-0: Swinging Strike 0-1: Swinging Strike 0-2: Fly out, F7 (Flyball, 7, EV 96.2 MPH)
|
|
Batting: RHB Sergio Zamora
|
0-0: Foul Ball, location: 2F 0-1: Ball 1-1: Foul Ball, location: 2F 1-2: Strikes out looking
|
| Bottom of the 3rd over - 0 runs, 1 hit, 0 errors, 1 left on base; Durham 4 - Toledo 0 |
| TOP OF THE 4TH |
|
Durham Bulls batting - Pitching for Toledo Mud Hens : RHP Ramiro Silva
|
|
Batting: LHB Darryl Gonnella
|
0-0: Ball 1-0: Ball 2-0: Called Strike 2-1: Ball 3-1: Fly out, F8 (Flyball, 8RD, EV 103.8 MPH)
|
|
Batting: RHB Alex Diaz
|
0-0: Foul Ball, location: 2F 0-1: Fly out, F7 (Flyball, 78S, EV 92.5 MPH)
|
|
Batting: LHB Davion Lewis
|
0-0: Foul Ball, location: 2F 0-1: Ball 1-1: Ground out 5-3 (Groundball, 56, EV 105.0 MPH)
|
| Top of the 4th over - 0 runs, 0 hits, 0 errors, 0 left on base; Durham 4 - Toledo 0 |
| BOTTOM OF THE 4TH |
|
Toledo Mud Hens batting - Pitching for Durham Bulls : RHP Ken Vandercook
|
|
Batting: RHB Adam MacConnell
|
0-0: Ball 1-0: Ball 2-0: Foul Ball, location: 2F 2-1: Ball 3-1: Base on Balls
|
|
Batting: RHB Jerry Jauregui
|
0-0: Foul Ball, location: 2F 0-1: Fly out, F9 (Flyball, 89D, EV 101.2 MPH)
|
|
Batting: SHB Richello Badua
|
0-0: Ball 1-0: Fly out, F8 (Flyball, 8RD, EV 100.6 MPH)
|
|
Batting: RHB Dusty Pollert
|
0-0: Called Strike Adam MacConnell is caught stealing 2nd base 2-4
|
| Bottom of the 4th over - 0 runs, 0 hits, 0 errors, 0 left on base; Durham 4 - Toledo 0 |
| TOP OF THE 5TH |
|
Durham Bulls batting - Pitching for Toledo Mud Hens : RHP Ramiro Silva
|
|
Batting: LHB Eric Toney
|
0-0: SINGLE (Groundball, 34D, EV 94.4 MPH)
|
|
Batting: RHB Jose Arriola
|
0-0: Called Strike 0-1: SINGLE (Line Drive, 34, EV 99.4 MPH) Eric Toney to second
|
|
Batting: RHB Sesto Carpini
|
0-0: Foul Ball, location: 2F 0-1: Called Strike 0-2: Ball 1-2: Ball 2-2: Foul Ball, location: 2F 2-2: Ball 3-2: Strikes out swinging
|
|
Batting: RHB Kevin Benfield
|
0-0: Called Strike 0-1: Foul Ball, location: 2F 0-2: Ball 1-2: Reached on error, E3 (Groundball, 3L, EV 78.1 MPH) Eric Toney to third Jose Arriola to second
|
|
Batting: LHB Helmut Steggall
|
0-0: Ball 1-0: Swinging Strike 1-1: Foul Ball, location: 2F 1-2: Ball 2-2: SINGLE (Groundball, 34D, EV 101.9 MPH) Eric Toney scores Jose Arriola to third Kevin Benfield to second Runner from 3rd tries for Home, SAFE, throw by RF to home Kevin Benfield to third Helmut Steggall to second
|
|
Pitching: RHP Martin Murillo
|
|
|
Batting: RHB Roberto Aispuro
|
0-0: Called Strike 0-1: Ball 1-1: Ball 2-1: Ground out 5-3 (Groundball, 56S, EV 91.9 MPH) Kevin Benfield scores
|
|
Batting: LHB Darryl Gonnella
|
0-0: Fly out, F5 (Flyball, 5D, EV 91.9 MPH)
|
| Top of the 5th over - 3 runs, 3 hits, 1 error, 1 left on base; Durham 7 - Toledo 0 |
| BOTTOM OF THE 5TH |
|
Toledo Mud Hens batting - Pitching for Durham Bulls : RHP Ken Vandercook
|
|
Batting: RHB Dusty Pollert
|
0-0: Called Strike 0-1: Ball 1-1: Fly out, F8 (Flyball, 8RD, EV 99.4 MPH)
|
|
Batting: SHB Scott Bartholomew
|
0-0: Ball 1-0: Ball 2-0: Ball 3-0: Called Strike 3-1: Fly out, F8 (Flyball, 89D, EV 95.0 MPH)
|
|
Batting: RHB Brandon O'Malley
|
0-0: Called Strike 0-1: Foul Ball, location: 2F 0-2: Ball 1-2: Foul Ball, location: 2F 1-2: SINGLE (Groundball, 4MD, EV 107.5 MPH)
|
|
Batting: RHB John Evancho
|
0-0: Fly out, F4 (Popup, 34, EV 55.0 MPH)
|
| Bottom of the 5th over - 0 runs, 1 hit, 0 errors, 1 left on base; Durham 7 - Toledo 0 |
| TOP OF THE 6TH |
|
Durham Bulls batting - Pitching for Toledo Mud Hens : RHP Martin Murillo
|
|
Batting: RHB Alex Diaz
|
0-0: Swinging Strike 0-1: Ball 1-1: Foul Ball, location: 2F 1-2: Strikes out swinging
|
|
Batting: LHB Davion Lewis
|
0-0: Ball 1-0: Foul Ball, location: 2F 1-1: Swinging Strike 1-2: Strikes out swinging
|
|
Batting: LHB Eric Toney
|
0-0: Ball 1-0: Called Strike 1-1: Ground out 4-3 (Groundball, 4, EV 100.6 MPH)
|
| Top of the 6th over - 0 runs, 0 hits, 0 errors, 0 left on base; Durham 7 - Toledo 0 |
| BOTTOM OF THE 6TH |
|
Toledo Mud Hens batting - Pitching for Durham Bulls : RHP Ken Vandercook
|
|
Batting: RHB Willis Morales
|
0-0: Called Strike 0-1: Ball 1-1: Swinging Strike 1-2: Strikes out swinging
|
|
Batting: RHB Sergio Zamora
|
0-0: Foul Ball, location: 2F 0-1: Ball 1-1: Swinging Strike 1-2: Ball 2-2: Ball 3-2: SINGLE (Groundball, 6S, EV 94.4 MPH)
|
|
Batting: RHB Adam MacConnell
|
0-0: SINGLE (Line Drive, 56D, EV 94.4 MPH) Sergio Zamora to second
|
|
Batting: RHB Jerry Jauregui
|
0-0: Ball 1-0: Called Strike 1-1: Fly out, F8 (Flyball, 8RXD, EV 79.4 MPH) Runner from 2nd tags up, SAFE at 3rd, no throw by CF
|
|
Batting: SHB Richello Badua
|
0-0: Called Strike 0-1: Swinging Strike 0-2: Ball 1-2: Fly out, F7 (Flyball, 78XD, EV 99.4 MPH)
|
| Bottom of the 6th over - 0 runs, 2 hits, 0 errors, 2 left on base; Durham 7 - Toledo 0 |
| TOP OF THE 7TH |
|
Durham Bulls batting - Pitching for Toledo Mud Hens : RHP Martin Murillo
|
|
Batting: RHB Jose Arriola
|
0-0: Called Strike 0-1: Ground out 3-1 (Groundball, 34, EV 78.8 MPH)
|
|
Batting: RHB Sesto Carpini
|
0-0: Swinging Strike 0-1: Ball 1-1: Swinging Strike 1-2: Foul Ball, location: 2F 1-2: Ball 2-2: SINGLE (Groundball, 4MD, EV 99.4 MPH)
|
|
Batting: RHB Kevin Benfield
|
0-0: Ball 1-0: Ball 2-0: Grounds into double play, 6-4-3 (Groundball, 6, EV 75.6 MPH)
|
| Top of the 7th over - 0 runs, 1 hit, 0 errors, 0 left on base; Durham 7 - Toledo 0 |
| BOTTOM OF THE 7TH |
|
Toledo Mud Hens batting - Pitching for Durham Bulls : RHP Ken Vandercook
|
|
Batting: RHB Dusty Pollert
|
0-0: Ball 1-0: Called Strike 1-1: Foul Ball, location: 2F 1-2: SOLO HOME RUN (Flyball, 7D, EV 94.4 MPH), Distance : 369 ft
|
|
Batting: SHB Scott Bartholomew
|
0-0: Ball 1-0: Called Strike 1-1: Ground out 6-3 (Groundball, 6, EV 90.0 MPH)
|
|
Pitching: LHP Frank Rodriguez
|
|
|
Batting: RHB Brandon O'Malley
|
0-0: Swinging Strike 0-1: SINGLE (Groundball, 5D, EV 97.5 MPH)
|
|
Batting: RHB John Evancho
|
0-0: Fielders Choice at 2nd, 3-6 (Groundball, 3S, EV 86.9 MPH)
|
|
Batting: RHB Willis Morales
|
0-0: Ball 1-0: Ball 2-0: Called Strike 2-1: Foul Ball, location: 2F 2-2: Foul Ball, location: 2F 2-2: Foul Ball, location: 2F 2-2: Fly out, F2 (Popup, 23F, EV 85.6 MPH)
|
| Bottom of the 7th over - 1 run, 2 hits, 0 errors, 1 left on base; Durham 7 - Toledo 1 |
| TOP OF THE 8TH |
|
Durham Bulls batting - Pitching for Toledo Mud Hens : RHP Martin Murillo
|
|
Batting: LHB Helmut Steggall
|
0-0: Ball 1-0: Swinging Strike 1-1: Ball 2-1: Foul Ball, location: 2F 2-2: Foul Ball, location: 2F 2-2: Strikes out swinging
|
|
Batting: RHB Roberto Aispuro
|
0-0: Ball 1-0: Ball 2-0: Ground out 4-3 (Groundball, 4MS, EV 86.9 MPH)
|
|
Batting: LHB Darryl Gonnella
|
0-0: Called Strike 0-1: Called Strike 0-2: Foul Ball, location: 2F 0-2: DOUBLE (Line Drive, 8RXD, EV 96.2 MPH)
|
|
Batting: RHB Alex Diaz
|
0-0: Called Strike 0-1: SINGLE (Line Drive, 8LS, EV 87.5 MPH) Darryl Gonnella to third Runner from 3rd tries for Home, throw by CF and OUT! 8-2
|
| Top of the 8th over - 0 runs, 2 hits, 0 errors, 1 left on base; Durham 7 - Toledo 1 |
| BOTTOM OF THE 8TH |
|
Toledo Mud Hens batting - Pitching for Durham Bulls : LHP Frank Rodriguez
|
|
Batting: RHB Sergio Zamora
|
0-0: Ball 1-0: Called Strike 1-1: Called Strike 1-2: Foul Ball, location: 2F 1-2: Strikes out swinging
|
|
Batting: RHB Adam MacConnell
|
0-0: Ball 1-0: Called Strike 1-1: Called Strike 1-2: Ball 2-2: SINGLE (Groundball, 13S, EV 63.8 MPH) (infield hit)
|
|
Batting: RHB Jerry Jauregui
|
0-0: Fly out, F9 (Flyball, 9D, EV 102.5 MPH)
|
|
Batting: SHB Richello Badua
|
0-0: Fly out, F6 (Line Drive, 6, EV 74.4 MPH)
|
| Bottom of the 8th over - 0 runs, 1 hit, 0 errors, 1 left on base; Durham 7 - Toledo 1 |
| TOP OF THE 9TH |
|
Durham Bulls batting - Pitching for Toledo Mud Hens : RHP Martin Murillo
|
|
Batting: LHB Davion Lewis
|
0-0: Ball 1-0: Called Strike 1-1: Called Strike 1-2: Ball 2-2: Ball 3-2: Fly out, F7 (Flyball, 7D, EV 95.6 MPH)
|
|
Batting: LHB Eric Toney
|
0-0: Called Strike 0-1: Foul Ball, location: 2F 0-2: Ball 1-2: Strikes out swinging
|
|
Batting: RHB Jose Arriola
|
0-0: Foul Ball, location: 2F 0-1: Ball 1-1: Called Strike 1-2: Strikes out swinging
|
| Top of the 9th over - 0 runs, 0 hits, 0 errors, 0 left on base; Durham 7 - Toledo 1 |
| BOTTOM OF THE 9TH |
|
Toledo Mud Hens batting - Pitching for Durham Bulls : LHP Frank Rodriguez
|
|
Batting: RHB Dusty Pollert
|
0-0: Ball 1-0: Fly out, F9 (Flyball, 89M, EV 87.5 MPH)
|
|
Batting: SHB Scott Bartholomew
|
0-0: Foul Ball, location: 2F 0-1: Foul Ball, location: 2F 0-2: Ball 1-2: Ball 2-2: Foul Ball, location: 2F 2-2: Strikes out swinging
|
|
Batting: RHB Brandon O'Malley
|
0-0: Called Strike 0-1: Called Strike 0-2: Foul Ball, location: 2F 0-2: Ball 1-2: Ball 2-2: Ball 3-2: Base on Balls
|
|
Pitching: RHP Cody Wilharm
|
|
|
Batting: RHB John Evancho
|
0-0: Called Strike 0-1: Ball 1-1: Foul Ball, location: 2F 1-2: Ball 2-2: Foul Ball, location: 2F 2-2: Ball 3-2: Foul Ball, location: 2F 3-2: SINGLE (Groundball, 56D, EV 98.1 MPH) Brandon O'Malley to second Brandon O'Malley to third
|
|
Batting: RHB Willis Morales
|
0-0: Ball 1-0: Ball 2-0: Foul Ball, location: 2F 2-1: Foul Ball, location: 2F 2-2: Ball 3-2: Ground out 5-3 (Groundball, 56, EV 101.2 MPH)
|
| Bottom of the 9th over - 0 runs, 1 hit, 0 errors, 2 left on base; Durham 7 - Toledo 1 |
|